 Dungeon Crawl Stone Soup version 0.30-a0-29-g142975f185 (webtiles) character file.

Game seed: 8221622633476649582

11995 greasedhog the Covert (level 11, -13/67 HPs)
             Began as a Gargoyle Wanderer on Aug 27, 2022.
             Was a Believer of Dithmenos.
             Killed from afar by a gargoyle (21 damage)
             ... with a stone arrow
             ... on level 11 of the Dungeon.
             The game lasted 00:17:49 (11311 turns).

greasedhog the Covert (Gargoyle Wanderer)          Turns: 11311, Time: 00:17:49

Health: -13/67     AC: 18    Str: 15    XL:     11   Next: 86%
Magic:  15/15      EV: 13    Int: 15    God:    Dithmenos [**....]
Gold:   437        SH:  7    Dex: 12    Spells: 9/12 levels left

rFire   + . .      SeeInvis .    w - +6 quick blade
rCold   + . .      Faith    .    c - +3 buckler
rNeg    + . .      Spirit   .    e - +1 leather armour {rF+}
rPois   ∞          Reflect  .    m - +0 helmet
rElec   +          Harm     .    t - +2 cloak {Stlth+}
rCorr   .          Rampage  .    v - +0 pair of gloves
Will    .....                    (no boots)
Stlth   ++++++++..               (no amulet)
HPRegen 0.21/turn                y - +4 ring of slaying
MPRegen 0.14/turn                E - ring of protection from cold

@: wreathed by umbra, studying Shields
A: sickness immunity, AC +8, negative energy resistance 1, electricity
resistance, torment resistance 1, petrification resistance
a: Renounce Religion, Shadow Step


You were on level 11 of the Dungeon.
You worshipped Dithmenos.
Dithmenos was pleased with you.
You visited 2 branches of the dungeon, and saw 12 of its levels.

You collected 609 gold pieces.
You spent 172 gold pieces at shops.

Inventory:

Hand Weapons
 k - a +0 dagger of venom
 p - a +0 dagger of flaming
 w - a +6 quick blade (weapon)
Missiles
 h - 4 atropa-tipped darts
Armour
 c - a +3 buckler (worn)
 e - a +1 leather armour of fire resistance (worn)
 m - a +0 helmet (worn)
 t - a +2 cloak of stealth (worn)
 v - a +0 pair of gloves (worn)
Jewellery
 y - a +4 ring of slaying (left hand)
 E - a ring of protection from cold (right hand)
 I - a +4 ring of evasion
Wands
 n - a wand of iceblast (8)
 B - a wand of mindburst (17)
Scrolls
 a - 2 scrolls of poison
 i - 3 scrolls of amnesia
 j - a scroll of silence
 l - a scroll of immolation
 s - 2 scrolls of identify
 x - 3 scrolls of teleportation
 D - a scroll of blinking
 F - a scroll of enchant armour
 G - a scroll of fog
 H - a scroll of brand weapon {unknown}
Potions
 b - 3 potions of heal wounds
 d - a potion of might {unknown}
 f - 2 potions of lignification {unknown}
 g - 7 potions of mutation {unknown}
 o - 3 potions of curing
 q - a potion of berserk rage {unknown}
 r - 3 potions of brilliance {unknown}
 u - a potion of haste {unknown}
 z - a potion of flight
 A - 3 potions of ambrosia
 C - a potion of magic {unknown}


   Skills:
 - Level 7.3 Fighting
 - Level 8.6 Short Blades
 - Level 1.7 Throwing
 - Level 5.1 Armour
 - Level 6.0 Dodging
 * Level 14.3 Stealth
 - Level 3.2 Shields
 - Level 1.0 Spellcasting
 - Level 1.0 Necromancy
 * Level 5.4 Invocations


You had 9 spell levels left.
You knew the following spells:

 Your Spells              Type           Power      Damage    Failure   Level
a - Necrotise             Necr           12%        1d4       26%         1
b - Blink                 Tloc           0%         N/A       52%         2

Your spell library contained the following spells:

 Spells                   Type           Power      Damage    Failure   Level
 Slow                     Hex            0%         N/A       36%         1
 Sting                    Tmut/Pois      0%         1d3       36%         1
 Poisonous Vapours        Pois/Air       0%         N/A       52%         2
 Wereblood                Tmut           0%         N/A       52%         2
 Vampiric Draining        Necr           3%         2d6       61%         3
 Confusing Touch          Hex            0%         N/A       75%         3
 Ignite Poison            Fire/Tmut/Pois 0%         N/A       75%         3
 Mephitic Cloud           Conj/Pois/Air  0%         N/A       75%         3
 Ice Form                 Ice/Tmut       0%         N/A       98%         4
 Leda's Liquefaction      Hex/Erth       0%         N/A       98%         4
 Olgreb's Toxic Radiance  Pois           0%         N/A       98%         4
 Summon Ice Beast         Ice/Summ       0%         N/A       98%         4
 Agony                    Necr           3%         N/A       100%        5
 Freezing Cloud           Conj/Ice/Air   0%         6-21      100%        5
 Lee's Rapid Deconstruct  Erth           0%         3d5*      100%        5
 Manifold Assault         Tloc           0%         N/A       100%        5
 Enfeeble                 Hex            0%         N/A       100%        7
 Storm Form               Tmut/Air       0%         N/A       100%        7
 Summon Hydra             Summ           0%         N/A       100%        7
 Sublimation of Blood     Necr           Unusable   N/A       N/A         2
 Statue Form              Tmut/Erth      Unusable   N/A       N/A         6

Dungeon Overview and Level Annotations

Branches:
Dungeon (11/15)            Temple (1/1) D:7             Orc (0/2) D:9
   Lair: D:8-11

Altars:
Ashenzari
Cheibriados
Dithmenos
Elyvilon
Fedhas
Gozag
Hepliaklqana
Kikubaaqudgha
Makhleb
Nemelex Xobeh
Okawaru
Qazlal
Ru
Sif Muna
Trog
Uskayaw
Vehumet
Wu Jian
Xom
Yredelemnul
Zin
The Shining One

Shops:
D:8 :[

Annotations:
D:5 3 runed translucent doors, ponyjar's ghost, weakling FeDe
D:11 1 runed translucent door


Innate Abilities, Weirdness & Mutations

You are immune to sickness and miasma.
Your stone body is resilient. (AC +8)
You are immune to poison.
You resist negative energy. (rN+)
You are resistant to electric shocks. (rElec)
You are resistant to unholy torment.
You are immune to petrification.


Message History

You hit the gargoyle.
The gargoyle is severely damaged.
You hit the gargoyle but do no damage.
The gargoyle is severely damaged.
The gargoyle hits you with a +0 mace.
You hit the gargoyle but do no damage.
The gargoyle is severely damaged.
You barely miss the gargoyle.
The gargoyle is severely damaged.
You hit the gargoyle but do no damage.
The gargoyle is severely damaged.
The gargoyle hurls a stone arrow at you.
The stone arrow hits you!
You hit the gargoyle.
The gargoyle is almost destroyed.
You puncture the gargoyle!
You destroy the gargoyle!
Dithmenos accepts your kill.
You puncture the two-headed ogre!
The two-headed ogre is lightly wounded.
You puncture the two-headed ogre!
The two-headed ogre is moderately wounded.
The gargoyle hurls a stone arrow at you.
You block the stone arrow.
You hit the two-headed ogre.
The two-headed ogre is moderately wounded.
The two-headed ogre barely misses you.
The two-headed ogre hits you with a +0 giant spiked club!!
You open the door.
There is an open door here.
The two-headed ogre attacks as you move away!
The two-headed ogre misses you. The two-headed ogre closely misses you.
The two-headed ogre attacks as you move away!
You block the two-headed ogre's attack. The two-headed ogre closely misses you.
The two-headed ogre barely misses you.
The two-headed ogre hits you with a +0 giant spiked club!!
* * * LOW HITPOINT WARNING * * *
The gargoyle hurls a stone arrow at you.
The stone arrow hits you!!
You die...

#.# #.#.#######.#
###.#######...........#
#.........#[#.#######.#
##.#.#####.#.#.# #.#
#.......##.#.#.# #.# ###
#..#.##.##.#.#.#######.# ..#
#..#.##......#.........#
#.#######..#.####....#.######..##
...........#....@....#...........
#....###...#.#O9..#..######<.....
..........................#...###
#.........................#......
..'#########'##########'.........
..#......#.....#)#.#...#..#...###
..#..###.#.....#.#)#...##.#...#..
..##.#[..#.....#.#.#..###.....###
...#.#####.....#.#.#.#..##.......


You could see a two-headed ogre and a gargoyle.

Vanquished Creatures
  4 two-headed ogres
  A manticore (D:11)
  Maurice (D:8)
  A gargoyle (D:11)
  Maggie (D:7)
  2 trolls
  3 slime creatures (D:9)
  3 hornets
  A vampire (D:11)
  A steam dragon (D:9)
  2 shadows
  11 yaks
  2 wraiths (D:11)
  Menkaure (D:6)
  Duvessa (D:7)
  2 orc warriors
  A black bear (D:7)
  4 sky beasts
  2 ogres
  5 centaurs
  4 kobold brigands
  6 bullfrogs
  3 necrophages
  2 scorpions
  13 wights
  Dowan (D:7)
  4 killer bees (D:9)
  2 howler monkeys
  5 jellies
  7 orc priests
  3 hounds (D:5)
  A gnoll bouda (D:7)
  5 orc wizards
  4 iguanas
  7 gnolls
  10 adders
  2 white imps
  2 ufetubi
  2 worms (D:2)
  3 dart slugs
  23 orcs
  6 ball pythons
  3 bats
  8 endoplasms
  2 giant cockroaches
  13 goblins
  13 hobgoblins
  A jackal (D:2)
  17 kobolds
  3 quokkas
  8 frilled lizards
  10 rats
242 creatures vanquished.

Vanquished Creatures (collateral kills)
  Robin (D:2)
1 creature vanquished.

Vanquished Creatures (others)
  An orc (D:9)
  22 plants (D:3)
23 creatures vanquished.

Grand Total: 266 creatures vanquished

Notes
Turn   | Place    | Note
-------+----------+-------------------------------------------
     0 | D:1      | greasedhog the Gargoyle Wanderer began the quest for the
                  | Orb.
     0 | D:1      | greasedhog set off with the following items: a +0 dagger,
                  | 10 boomerangs, a +2 buckler, a potion of curing, a +0 robe;
                  | and the following spell memorised: Necrotise; and the
                  | following spells available to memorise: Vampiric Draining.
     0 | D:1      | Reached XP level 1. HP: 12/12 MP: 2/2
     4 | D:1      | You fall into a shaft and drop 1 floor!
   514 | D:2      | Reached XP level 2. HP: 18/18 MP: 3/3
   529 | D:2      | Noticed Robin
  1178 | D:2      | Reached skill level 1 in Short Blades
  1179 | D:2      | Reached skill level 2 in Stealth
  1262 | D:1      | Reached XP level 3. HP: 9/22 MP: 0/4
  1265 | D:1      | Reached skill level 7 in Stealth
  1265 | D:1      | Reached XP level 4. HP: 22/34 MP: 0/5
  1667 | D:1      | Reached XP level 5. HP: 38/38 MP: 6/6
  2560 | D:2      | Got the Monograph on Congealing Malediction
  2631 | D:2      | Killed Robin
  3233 | D:3      | Reached XP level 6. HP: 44/44 MP: 7/7
  3268 | D:3      | Found a faded altar of an unknown god.
  3436 | D:3      | Found a shimmering altar of Xom.
  3554 | D:3      | Found a glowing silver altar of Zin.
  3604 | D:3      | Found a hazy altar of Hepliaklqana.
  3611 | D:3      | Found a shimmering blue altar of Sif Muna.
  3614 | D:3      | Found a bloodstained altar of Trog.
  3614 | D:3      | Found an ornate altar of the Wu Jian Council.
  4053 | D:3      | Reached skill level 8 in Stealth
  4238 | D:4      | Identified 2 scrolls of acquirement
  4238 | D:4      | Acquired a +5 quick blade
  4241 | D:4      | Acquired a manual of Shields
  4380 | D:4      | Reached XP level 7. HP: 48/48 MP: 8/8
  4405 | D:4      | Reached skill level 1 in Armour
  4618 | D:4      | Found a sacrificial altar of Ru.
  4685 | D:5      | Entered Level 5 of the Dungeon
  5046 | D:5      | Reached XP level 8. HP: 53/53 MP: 9/9
  5116 | D:5      | Reached skill level 9 in Stealth
  5120 | D:5      | Found a runed translucent gate.
  5120 | D:5      | Found a runed translucent gate.
  5120 | D:5      | Found a runed translucent gate.
  5327 | D:5      | Noticed ponyjar's ghost (weakling FeDe)
  5551 | D:6      | Noticed Menkaure
  5629 | D:6      | Killed Menkaure
  6215 | D:6      | Found a sparkling altar of Nemelex Xobeh.
  6309 | D:6      | Found a glowing golden altar of the Shining One.
  6353 | D:7      | Noticed Duvessa
  6353 | D:7      | Noticed Dowan
  6357 | D:7      | Killed Duvessa
  6358 | D:7      | Killed Dowan
  6365 | D:7      | Noticed a hornet
  6369 | D:7      | Killed a hornet
  6370 | D:7      | Reached XP level 9. HP: 57/57 MP: 10/10
  6370 | D:7      | Found a staircase to the Ecumenical Temple.
  6398 | Temple   | Entered the Ecumenical Temple
  6512 | Temple   | Became a worshipper of Dithmenos the Shadowed
  6548 | D:7      | Reached skill level 5 in Armour
  6581 | D:7      | Reached skill level 10 in Stealth
  6610 | D:7      | Reached skill level 1 in Dodging
  7194 | D:7      | Noticed Maggie
  7209 | D:7      | Killed Maggie
  7526 | D:7      | Reached XP level 10. HP: 34/63 MP: 11/11
  7731 | D:8      | Noticed a two-headed ogre
  7747 | D:8      | Reached skill level 11 in Stealth
  7888 | D:8      | Reached * piety under Dithmenos
  7949 | D:8      | Learned a level 2 spell: Blink
  8160 | D:8      | Found Usmaer's Book Shoppe.
  8206 | D:8      | Found Sirou's Antique Armour Emporium.
  8214 | D:8      | Bought a runed cloak for 172 gold pieces
  8411 | D:8      | Noticed Maurice
  8462 | D:8      | Killed Maurice
  8564 | D:8      | Killed a two-headed ogre
  8565 | D:8      | Reached skill level 12 in Stealth
  8708 | D:9      | Reached skill level 5 in Dodging
  8895 | D:9      | Reached XP level 11. HP: 38/67 MP: 12/12
  9064 | D:9      | Noticed a two-headed ogre
  9071 | D:9      | Killed a two-headed ogre
  9196 | D:9      | Found a staircase to the Orcish Mines.
  9498 | D:9      | Reached skill level 13 in Stealth
  9734 | D:9      | Reached ** piety under Dithmenos
  9992 | D:9      | Noticed a white ugly thing
 10083 | D:10     | Entered Level 10 of the Dungeon
 10187 | D:10     | Reached skill level 1 in Invocations
 10993 | D:11     | Noticed a manticore
 10999 | D:11     | Killed a manticore
 11026 | D:11     | Found a runed translucent door.
 11026 | D:11     | Noticed a two-headed ogre
 11026 | D:11     | Noticed a two-headed ogre
 11027 | D:11     | Noticed a two-headed ogre
 11027 | D:11     | Noticed a manticore
 11027 | D:11     | Noticed a tengu warrior
 11034 | D:11     | Killed a two-headed ogre
 11198 | D:11     | Identified the +2 robe of the Vaults {*Slow rC+ Str-5
                  | Int+9}
 11207 | D:11     | Reached skill level 14 in Stealth
 11278 | D:11     | Killed a two-headed ogre
 11279 | D:11     | Reached skill level 5 in Invocations
 11311 | D:11     | Killed from afar by a gargoyle

Illustrated notes

Levels and vault maps discovered:
D:1:      minmay_arrival_widening_spiral_wide, layout_loops_ring, minmay_tall_x
D:2:      minmay_skewed_foursquare, layout_loops_corners, uniq_robin
D:3:      layout_basic, xom_teletrap_fun, nicolae_overflow_hallway_of_the_gods,
          ebering_ecumenical_altar_webs, serial_bayou_lagoon_a
D:4:      layout_rooms, nicolae_ru_path_of_blood, st_stairs_9
D:5:      layout_basic, gammafunk_ghost_icy
D:6:      layout_rooms, mainiacjoe_overflow_catwalk, tso_altar, serial_glass,
          glass_columns_b, glass_columns_b, uniq_menkaure
D:7:      layout_basic, minmay_temple_entry_arrows, dreamdust_gnoll_shepherd,
          uniq_duvessa, uniq_maggie
D:8:      layout_basic, serial_shops, nicolae_stop_n_shop_2,
          nicolae_diamond_shop, kennysheep_generic_room_4, uniq_maurice
D:9:      layout_stronghold, david_orc_3, onia_ninara_dug_in_and_dangerous
D:10:     layout_basic, hive_lemuel
D:11:     minmay_the_grid_triangle_9x9_rhombus_full_mashed
          [minmay_the_grid_triangle_9x9_cache,
          minmay_the_grid_triangle_9x9_fully_insulated_deathbox,
          minmay_the_grid_triangle_9x9_intruding_spiral,
          minmay_the_grid_triangle_9x9_limited_checkers,
          minmay_the_grid_triangle_9x9_wacky_v,
          minmay_the_grid_triangle_9x9_impossible_snake,
          minmay_the_grid_triangle_9x9_longest,
          minmay_the_grid_triangle_9x9_prize_top_heavy], layout_basic,
          portal_ice_cave_entry_ice_simulacra, kennysheep_generic_room_16,
          uniq_lodul
Temple:   dshaligram_water_room_temple

Skill      XL: |  1  2  3  4  5  6  7  8  9 10 11 |
---------------+----------------------------------+-----
Short Blades   | 8 |  8.6
Stealth        | 2 7 8 9 10 12 14 | 14.3
Fighting       | 7 |  7.3
Armour         | 3 4 5 |  5.1
Dodging        | 3 5 6 |  6.0
Invocations    | 5 |  5.4
Throwing       | |  1.7
Shields        | |  3.2
Spellcasting   | |  1.0
Necromancy     | |  1.0

Action                   |  1- 3 |  4- 6 |  7- 9 | 10-12 || total
-------------------------+-------+-------+-------+-------++-------
Melee: Dagger            |    83 |   359 |       |       ||   442
       Quick blade       |       |     9 |   439 |   438 ||   886
 Cast: Necrotise         |     8 |     6 |       |       ||    14
Evoke: Wand              |       |       |     4 |     3 ||     7
  Use: Potion            |     4 |       |       |       ||     4
       Scroll            |     1 |     7 |     4 |     2 ||    14
 Stab: Sleeping          |     2 |    25 |     5 |    16 ||    48
       Distracted        |       |       |     2 |     1 ||     3
Armor: Robe              |    26 |    47 |       |       ||    73
       Leather armour    |       |    40 |    77 |    63 ||   180
Dodge: Dodged            |    56 |    88 |    48 |   122 ||   314
Block: Buckler           |    26 |    71 |    66 |    85 ||   248

Table legend: (Time is in decaauts)
 A = Elapsed time spent in this place.
 B = Non-inter-level travel time spent in this place.
 C = Inter-level travel time spent in this place.
 D = Time resting spent in this place.
 E = Time spent auto-exploring this place.
 F = Levels seen in this place.
 G = Mean time per level.
                   A        B        C        D        E       F      G
               +--------+--------+--------+--------+--------+-----+--------+
         Total |  10599 |  10250 |    349 |   1792 |   6414 |  12 |  883.2 |
       Dungeon |  10464 |  10174 |    290 |   1792 |   6349 |  11 |  951.3 |
        Temple |    134 |     75 |     59 |      0 |     65 |   1 |  134.0 |
               +--------+--------+--------+--------+--------+-----+--------+

Top non-repeatable levels by time:
     D:2: 2027 daAuts
     D:9: 1205 daAuts
     D:7: 1150 daAuts
     D:1: 1055 daAuts
     D:3: 934 daAuts
     D:8: 919 daAuts
    D:10: 794 daAuts
     D:5: 771 daAuts
     D:6: 765 daAuts
     D:4: 508 daAuts
    D:11: 332 daAuts
  Temple: 134 daAuts
